Map: Bel'Shir Vestige LE (Void)

Players

NWDragon (Dragon)

  • Race: Terran Terran
  • Spawn Location: 11:00

Elroye - Winner!

  • Race: Zerg Zerg
  • Spawn Location: 5:00

Event: IEM XI Katowice - World Championship 2017

VOD

Have the link to the VOD?

Description

Time

  • Played on: Feb. 27, 2017, 4:59 a.m.
  • Length: 4:12

All games in this series

Show
View Real Time Build Order
Export as new Build Order

NWDragon Terran 

Build Orders:  

Get SALT Encoding   

  12  0:00  SCV  
  13  0:12  SCV  
  14  0:17  Supply Depot  
  14  0:25  SCV  
  15  0:31  Refinery  
  15  0:38  SCV  
  16  0:44  Barracks  
  16  0:50  SCV  
  17  1:04  SCV  
  18  1:16  SCV  
  19  1:23  Barracks  
  19  1:30  Orbital Command  
  19  1:32  Supply Depot  
  19  1:36  Reaper  
  20  1:58  SCV  
  21  2:06  Barracks  
  21  2:09  Marine  
  21  2:10  SCV  
  21  2:11  Marine  
  24  2:19  Barracks  
  24  2:20  Supply Depot  
  24  2:29  Marine  
  25  2:34  Marine  
  26  2:47  Marine  
  26  2:52  Marine  
  26  2:53  Supply Depot  
  27  3:00  Marine  
  27  3:05  Marine  
  29  3:07  Marine  
  29  3:09  Marine  
  31  3:18  Marine  
  32  3:23  Marine  
  32  3:25  Marine  
  34  3:27  Marine  
  34  3:36  Marine  
  34  3:40  Marine  
  36  3:43  Marine  
  36  3:46  Marine  
  36  3:47  SCV  
  38  3:51  Command Center  
  39  3:59  Bunker  
Show
View Real Time Build Order
Export as new Build Order

Elroye Zerg - Winner!

Build Orders: Pool First 

Get SALT Encoding   

  12  0:00  Drone  
  13  0:12  Overlord  
  13  0:16  Drone  
  14  0:31  Drone x2  
  14  0:35  Drone  
  17  0:44  Spawning Pool  
  17  0:48  Drone  
  17  0:53  Extractor  
  17  0:56  Drone  
  17  1:15  Hatchery  
  16  1:26  Drone  
  16  1:27  Drone  
  16  1:31  Zergling x2  
  19  1:33  Queen  
  21  1:41  Overlord  
  21  1:59  Drone  
  22  2:02  Drone  
  22  2:06  Metabolic Boost  
  23  2:10  Queen  
  25  2:16  Zergling x2  
  25  2:20  Spine Crawler  
  25  2:23  Zergling x2  
  25  2:27  Zergling x2  
  27  2:36  Zergling x2  
  28  2:43  Zergling x2  
  28  2:44  Zergling x2  
  29  2:51  Queen  
  29  2:56  Zergling x8  
  36  3:00  Overlord  
  35  3:20  Zergling x8  
  35  3:23  Zergling x2  
  35  3:24  Queen  
  42  3:31  Overlord  
  42  3:34  Zergling x4  
  43  3:45  Zergling x2  
  43  3:50  Zergling x10  
  47  4:01  Baneling Nest  

Tags
 
Add a new tag
Caveats
  • Supply blocks, unpowered buildings, or Contaminate may cause inaccurate times.
  • Supply counts are checked every 10 seconds.